Map: Overgrown Facility

Players

Hanniboy - Winner!

  • Race: Terran Terran
  • League: Bronze
  • Spawn Location: 7:00

Tengsten - Winner!

  • Race: Terran Terran
  • Spawn Location: 9:00

Nigrnog

  • Race: Zerg Zerg
  • League: Silver
  • Spawn Location: 1:00

MooEsqoo

  • Race: Zerg Zerg
  • Spawn Location: 3:00

VOD

Have the link to the VOD?

Description

Time

  • Played on: Dec. 30, 2019, 6:57 a.m.
  • Length: 15:20
Show
View Real Time Build Order
Export as new Build Order

Hanniboy Terran - Winner!

Build Orders:  

Get SALT Encoding   

  12  0:02  SCV  
  13  0:14  SCV  
  13  0:20  Supply Depot  
  14  0:26  SCV  
  15  0:42  SCV  
  16  0:45  Barracks  
  16  0:54  SCV  
  17  1:04  Barracks  
  17  1:06  SCV  
  18  1:18  SCV  
  19  1:30  SCV  
  20  1:36  Barracks  
  20  1:37  Marine  
  21  1:43  SCV  
  22  1:50  Marine  
  23  2:01  Supply Depot  
  23  2:03  Orbital Command  
  23  2:07  Supply Depot x2  
  23  2:14  Barracks  
  23  2:22  Marine x2  
  25  2:25  Marine  
  26  2:40  Marine x2  
  26  2:43  Marine  
  29  2:50  Refinery  
  29  2:52  Refinery  
  29  2:57  SCV  
  29  2:58  Marine x2  
  32  3:01  Marine  
  33  3:09  SCV  
  34  3:21  SCV  
  32  3:34  Marine  
  32  3:35  Marine x3  
  32  3:37  SCV  
  36  3:49  SCV  
  36  3:52  Marine x2  
  38  4:01  SCV  
  34  4:13  Barracks Tech Lab  
  34  4:15  Barracks Tech Lab  
  34  4:19  Marine x2  
  36  4:37  Marine x2  
  38  4:39  Engineering Bay x2  
  38  4:41  Stimpack  
  38  4:43  Concussive Shells  
  38  4:51  Barracks  
  38  4:55  Marine  
  38  4:58  Marauder  
  41  5:00  Marauder  
  41  5:01  Marine  
  44  5:13  Factory  
  44  5:31  Supply Depot  
  44  5:38  SCV  
  45  5:50  SCV  
  45  5:56  Terran Infantry Armor Level 1, Terran Infantry Weapons Level 1  
  46  6:10  Command Center  
  46  6:16  Missile Turret, Marine  
  46  6:17  Marauder  
  49  6:20  Refinery, Combat Shield  
  49  6:21  Barracks Reactor  
  49  6:22  Marine  
  49  6:23  Marauder  
  49  6:24  SCV  
  53  6:30  Supply Depot  
  53  6:31  Supply Depot  
  53  6:37  SCV  
  54  6:41  Sensor Tower  
  54  6:49  SCV  
  54  6:51  Marine  
  54  6:52  Marauder, Marine  
  54  6:53  Marauder  
  61  6:55  Supply Depot  
  61  6:56  Supply Depot  
  61  7:00  Refinery  
  61  7:03  Factory Tech Lab  
  61  7:23  Armory  
  61  7:27  SCV  
  62  7:40  SCV  
  63  7:52  Orbital Command  
  63  7:59  Missile Turret  
  63  8:02  Hi-Sec Auto Tracking  
  63  8:19  Missile Turret  
  63  8:20  Missile Turret  
  63  8:22  SCV  
  63  8:23  SCV  
  63  8:24  Marauder, Marine x4  
  71  8:34  SCV  
  71  8:35  SCV  
  73  8:50  Marauder, Marine x2  
  73  8:51  Starport x2  
  77  8:58  SCV  
  77  9:01  Marauder, Marine x2  
  82  9:12  Marauder, Thor  
  90  9:27  Marine  
  90  9:28  Marauder, Marine x3  
  90  9:30  SCV x2  
  98  9:33  Marauder  
  100  9:42  SCV x2  
  102  9:49  Marine x3  
  84  9:54  SCV  
  79  10:00  Marauder x2, Marine  
  84  10:07  Marine x3  
  84  10:14  Thor  
  86  10:17  Marine  
  93  10:22  Marauder x2  
  93  10:25  Marine  
  94  10:41  SCV x2  
  94  10:42  Marine x3  
  99  10:43  Marauder  
  99  10:49  Marauder  
  97  10:53  SCV x2  
  97  10:54  Terran Infantry Weapons Level 2  
  99  11:04  Marauder  
  99  11:05  SCV  
  101  11:30  Marine  
  102  11:42  Supply Depot  
  102  11:52  Command Center  
  102  11:56  Marine, SCV  
  102  12:03  Marauder, Thor  
  110  12:09  Marine, SCV  
  110  12:11  Marauder, Marine x2  
  106  12:27  Marine x2  
  106  12:28  Marauder, SCV  
  110  13:03  Marauder x2, Marine x4, SCV x2  
  120  13:15  SCV  
  121  13:21  Marine x2  
  121  13:22  Marine  
  124  14:02  Supply Depot  
  124  14:03  Supply Depot  
  124  14:23  Viking  
  124  14:24  Viking, Marauder x2  
  132  14:25  Thor  
  140  14:45  Marauder  
  140  15:07  Supply Depot  
  140  15:10  Supply Depot  
Show
View Real Time Build Order
Export as new Build Order

Tengsten Terran - Winner!

Build Orders: Mech 

Get SALT Encoding   

  12  0:01  SCV  
  13  0:13  SCV  
  14  0:27  Supply Depot  
  14  0:29  SCV  
  15  0:49  SCV  
  16  0:50  Barracks  
  16  1:01  SCV  
  16  1:03  Barracks  
  17  1:10  Barracks  
  17  1:13  SCV  
  18  1:25  SCV  
  19  1:38  Marine  
  20  1:40  Orbital Command  
  20  1:46  Supply Depot  
  20  1:52  Marine  
  21  1:58  Marine  
  21  1:59  Marine  
  23  2:08  SCV  
  24  2:10  Marine  
  25  2:16  Marine  
  25  2:17  Marine  
  25  2:20  SCV  
  28  2:28  Marine  
  29  2:33  Marine  
  30  2:39  Marine  
  30  2:43  Supply Depot  
  31  3:04  Marine x3  
  31  3:05  SCV  
  35  3:06  Supply Depot  
  35  3:17  SCV  
  36  3:22  Marine x3  
  39  3:28  Supply Depot  
  37  3:40  Marine x3  
  39  3:47  SCV  
  36  3:51  Supply Depot  
  36  3:58  Marine x3  
  36  3:59  SCV  
  35  4:11  SCV  
  35  4:16  Marine x3  
  38  4:28  Refinery, SCV  
  38  4:29  Engineering Bay  
  38  4:30  Refinery  
  39  4:33  Marine x3, Command Center  
  42  4:41  SCV  
  43  4:51  Marine x3  
  46  4:53  SCV  
  47  5:05  SCV  
  48  5:09  Marine  
  48  5:11  Missile Turret  
  49  5:15  Bunker  
  49  5:17  Marine, SCV  
  52  5:27  Marine  
  53  5:29  SCV  
  53  5:31  Barracks Tech Lab  
  53  5:38  Factory  
  53  5:44  Refinery  
  53  5:45  Refinery  
  53  5:49  Orbital Command  
  53  6:06  Missile Turret  
  53  6:13  SCV  
  53  6:16  Combat Shield  
  54  6:23  Barracks x2  
  54  6:25  Factory Reactor, SCV, Barracks Tech Lab  
  55  6:27  Barracks Reactor  
  55  6:28  Armory  
  55  6:37  SCV  
  55  6:39  Factory  
  56  6:40  Factory  
  56  6:47  Marauder  
  57  6:48  Missile Turret  
  57  6:49  SCV  
  58  6:55  SCV  
  59  7:01  SCV  
  59  7:07  SCV  
  61  7:11  Hellion x2  
  61  7:12  Barracks Reactor  
  61  7:13  SCV  
  61  7:14  Marine x2  
  68  7:18  Supply Depot  
  68  7:19  SCV  
  68  7:21  Supply Depot  
  71  7:23  Marauder  
  71  7:25  Marine, SCV  
  71  7:26  Stimpack  
  71  7:27  Factory Tech Lab  
  71  7:28  Factory Tech Lab  
  73  7:31  SCV  
  73  7:32  Supply Depot  
  73  7:33  Supply Depot  
  74  7:37  SCV  
  74  7:44  Missile Turret, SCV  
  76  7:49  Siege Tank  
  76  7:50  SCV  
  80  7:51  Hellion  
  80  7:56  SCV  
  83  7:59  Armory  
  83  8:02  Supply Depot  
  83  8:04  Marine x2  
  85  8:06  Marine  
  85  8:08  SCV  
  85  8:09  Siege Tank  
  90  8:20  SCV  
  91  8:27  Infernal Pre-Igniter  
  91  8:28  Siege Tank  
  91  8:31  Hellion x2  
  91  8:32  SCV  
  91  8:33  Marauder, Marine x4  
  105  8:34  Marine  
  104  8:42  Siege Tank  
  104  8:47  Terran Vehicle Weapons Level 1  
  104  8:48  Supply Depot  
  105  9:01  Hellion x2, Siege Tank  
  112  9:05  Marine  
  112  9:06  Marine  
  113  9:10  Supply Depot  
  113  9:14  Siege Tank  
  116  9:31  Marine  
  116  9:32  Marine x5  
  116  9:36  Hellion x2  
  126  9:49  Marine  
  104  10:02  Hellion x3  
  104  10:03  Hellion  
  108  10:20  Marine x3  
  108  10:21  Marine  
  112  10:23  Hellion  
  112  10:24  Hellion x3  
  119  10:45  Hellion, Siege Tank x2  
  118  10:54  Marine x5  
  118  10:55  SCV x2  
  125  11:04  Command Center  
  125  11:07  SCV x2  
  127  11:17  Siege Tank x2  
  131  11:19  SCV x2  
  117  11:33  Hellion  
  117  11:34  Hellion, Marine x4  
  113  11:49  Siege Tank x2  
  113  11:51  Marine x2  
  113  11:55  Hellion x2  
  101  12:16  Hellion x2  
  101  12:21  Siege Tank x2  
  108  12:38  Hellion x2  
  108  12:53  Siege Tank x2  
  108  12:57  Marine  
  115  13:07  SCV x2  
  115  13:19  SCV x2  
  113  13:23  Refinery  
  113  13:25  Refinery, Siege Tank  
  113  13:26  Siege Tank  
  115  13:37  Hellion  
  113  13:44  Marine x5  
  113  13:45  Marine  
  119  13:54  SCV x2  
  121  13:57  Siege Tank  
  121  13:59  Orbital Command  
  121  14:02  Marine x2  
  126  14:06  SCV  
  126  14:07  Marine x4  
  131  14:19  Marine  
  131  14:20  Marine  
  133  14:29  Hellion  
  133  14:30  Hellion x3  
  137  14:40  Marine x5  
  142  14:51  Hellion x3  
  148  14:54  Hellion  
  145  15:08  SCV  
Show
View Real Time Build Order
Export as new Build Order

Nigrnog Zerg 

Build Orders: 3 Hatch before Pool 

Get SALT Encoding   

  12  0:01  Drone  
  14  0:14  Drone  
  14  0:18  Overlord  
  14  0:36  Drone x3  
  17  0:56  Hatchery  
  16  0:59  Drone  
  16  1:02  Drone  
  18  1:12  Drone  
  19  1:19  Drone  
  20  1:33  Extractor  
  20  1:35  Hatchery  
  18  1:44  Spawning Pool  
  17  1:48  Drone  
  18  1:54  Overlord  
  18  2:01  Drone  
  19  2:07  Drone  
  20  2:09  Drone  
  20  2:14  Drone  
  22  2:34  Queen  
  22  2:37  Queen  
  24  2:40  Zergling x8  
  30  2:45  Zergling x2  
  30  2:47  Zergling x2  
  30  2:49  Zergling x2  
  33  2:54  Zergling x2  
  34  3:03  Extractor  
  27  3:16  Zergling x12  
  31  3:28  Pneumatized Carapace  
  31  3:29  Queen  
  31  3:32  Zergling x4  
  31  3:34  Zergling x2  
  31  3:45  Zergling x8  
  30  3:58  Zergling x4  
  30  3:59  Zergling x4  
  33  4:08  Queen  
  33  4:09  Drone  
  36  4:17  Queen  
  36  4:22  Metabolic Boost  
  38  4:35  Zergling x6  
  41  4:40  Baneling Nest  
  41  4:45  Zergling x4  
  42  4:51  Overlord  
  42  5:09  Overlord x2  
  42  5:18  Drone x3  
  45  5:26  Baneling x4  
  45  5:28  Baneling x2  
  45  5:32  Drone  
  45  5:34  Drone  
  47  5:40  Drone  
  47  5:41  Drone  
  49  5:44  Drone  
  49  5:49  Drone x2  
  52  5:55  Baneling x4  
  52  6:07  Drone x5  
  57  6:12  Spine Crawler  
  57  6:15  Drone, Spore Crawler  
  56  6:33  Spore Crawler  
  56  6:35  Spore Crawler  
  56  6:38  Spine Crawler  
  53  6:41  Spore Crawler  
  52  6:53  Drone, Queen  
  52  6:54  Drone x4  
  59  7:06  Drone, Extractor  
  59  7:07  Drone  
  60  7:14  Drone x5  
  60  7:15  Drone  
  66  7:29  Overlord x3  
  66  7:33  Hatchery  
  66  7:34  Baneling x5  
  66  7:35  Baneling x2  
  65  7:41  Lair  
  65  7:49  Overlord x3  
  65  7:57  Drone x5  
  65  7:58  Drone x2  
  72  8:02  Extractor  
  71  8:06  Extractor  
  70  8:15  Drone x7  
  77  8:21  Extractor  
  77  8:25  Zergling x2  
  77  8:54  Drone  
  77  9:01  Drone x2  
  79  9:17  Centrifical Hooks  
  79  9:19  Hydralisk Den  
  79  9:23  Evolution Chamber x2  
  76  9:28  Drone x2  
  76  9:29  Drone x7  
  85  9:35  Drone x3  
  75  9:56  Hydralisk x4, Zergling x10  
  75  9:57  Hydralisk  
  90  10:03  Queen  
  90  10:05  Hatchery  
  91  10:07  Hydralisk x3  
  91  10:08  Hydralisk x2  
  101  10:16  Hydralisk  
  101  10:17  Hydralisk x2  
  105  10:29  Hatchery  
  104  10:36  Overseer  
  82  10:44  Spine Crawler  
  82  10:47  Spine Crawler x2  
  71  10:55  Hydralisk x5  
  71  10:56  Hydralisk x5  
  88  10:57  Zergling x8  
  88  10:58  Zergling x4  
  94  11:07  Overseer x2  
  94  11:08  Overseer x2  
  85  11:25  Zergling x8  
  71  11:26  Zergling x6  
  60  11:41  Zergling x6  
  60  11:42  Zergling x6  
  62  11:53  Zergling x4  
  62  11:54  Zergling x2  
  61  11:59  Baneling x4  
  61  12:01  Baneling x4  
  61  12:02  Hydralisk x3, Baneling x2  
  61  12:06  Baneling x4  
  65  12:10  Zergling x2  
  65  12:15  Hatchery  
  65  12:19  Baneling x2  
  65  12:21  Zergling x4  
  53  12:40  Zergling x10  
  53  12:41  Zergling x6  
  60  12:53  Zergling x8  
  64  13:00  Queen  
  62  13:08  Zergling x6  
  62  13:19  Baneling x3  
  61  13:20  Baneling x7  
  61  13:21  Zergling x6  
  61  13:22  Zergling x4  
  59  13:40  Drone x2  
  60  13:43  Queen  
  60  13:47  Hydralisk x4  
  70  13:49  Overlord x2  
  70  13:50  Overlord x6  
  70  13:56  Zergling x2  
  70  14:01  Overlord x4  
  71  14:08  Baneling  
  71  14:09  Baneling x8  
  71  14:16  Overlord x2  
  70  14:35  Overseer  
  70  14:40  Hydralisk x8  
  70  14:41  Hydralisk x6  
Show
View Real Time Build Order
Export as new Build Order

MooEsqoo Zerg 

Build Orders: Hatch First 

Get SALT Encoding   

  12  0:02  Drone  
  13  0:18  Overlord  
  13  0:19  Drone  
  14  0:37  Drone x2  
  16  0:51  Drone  
  17  0:58  Hatchery  
  17  1:03  Drone  
  17  1:04  Drone  
  18  1:18  Drone  
  19  1:22  Extractor  
  19  1:24  Drone  
  19  1:27  Spawning Pool  
  18  1:42  Drone  
  19  1:55  Drone  
  19  1:58  Overlord  
  20  2:06  Overlord  
  20  2:13  Queen  
  20  2:14  Queen  
  24  2:15  Zergling x2  
  24  2:18  Zergling x2  
  26  2:25  Drone  
  27  2:39  Zergling x2  
  27  2:40  Zergling x4  
  30  2:50  Zergling x4  
  32  2:55  Roach Warren  
  31  3:01  Spine Crawler  
  30  3:14  Zergling x8  
  34  3:31  Zergling x2  
  34  3:32  Zergling x12  
  34  3:33  Zergling x2  
  34  3:57  Zergling x8  
  37  4:09  Metabolic Boost  
  36  4:20  Extractor  
  35  4:24  Roach  
  35  4:25  Roach x3  
  43  4:41  Overlord x3  
  43  4:52  Lair  
  43  4:57  Overlord  
  43  5:09  Drone  
  43  5:10  Drone x2  
  43  5:11  Drone  
  47  5:22  Roach x2  
  47  5:25  Roach  
  53  5:30  Ravager  
  53  5:31  Ravager x2  
  56  5:45  Drone x4  
  56  5:46  Drone  
  63  5:50  Roach  
  63  6:00  Spore Crawler  
  63  6:03  Spore Crawler  
  61  6:09  Drone, Extractor  
  61  6:10  Drone x2  
  63  6:11  Extractor  
  62  6:22  Drone x2  
  62  6:23  Drone x2  
  68  6:33  Roach x3  
  72  6:53  Roach  
  74  6:54  Overlord x2  
  74  6:55  Overlord x2  
  74  7:02  Drone  
  75  7:10  Overlord x3  
  75  7:52  Hatchery  
  75  7:54  Hydralisk Den  
  75  7:55  Drone x5  
  75  7:56  Drone x3, Infestation Pit  
  75  7:57  Drone  
  81  7:59  Drone  
  82  8:19  Drone x5  
  87  8:28  Ravager  
  87  8:29  Ravager x6  
  87  8:31  Roach x2  
  98  8:41  Hydralisk x2  
  102  9:09  Queen  
  102  9:15  Extractor  
  102  9:17  Extractor  
  102  9:20  Spore Crawler  
  102  9:23  Hydralisk x7  
  102  9:24  Hydralisk  
  117  9:36  Overlord  
  117  9:37  Overlord x3  
  117  9:41  Drone x2  
  69  10:02  Roach x5  
  74  10:12  Hydralisk  
  70  10:29  Hydralisk  
  70  10:30  Hydralisk x2  
  76  10:48  Hydralisk x2  
  76  10:49  Hydralisk x6  
  86  11:14  Hydralisk x6  
  90  11:34  Hydralisk x5  
  90  11:35  Hydralisk  
  82  12:00  Hydralisk x5  
  82  12:01  Hydralisk  
  74  12:13  Hydralisk x2  
  58  12:25  Zergling x4  
Tags
 
Add a new tag
Caveats
  • Supply blocks, unpowered buildings, or Contaminate may cause inaccurate times.
  • Supply counts are checked every 10 seconds.